Cogmind - Beta 11.1 @@@ ROGUE MODE // 2022.09.30 @ 15:49:02 Player: DuckBoy Result: Destroyed self with Advanced EMP Blaster Performance ------------- Evolutions (3) 1500 Regions Visited (7) 1400 Robots Destroyed (117) 585 Value Destroyed (3407) 3407 Prototype IDs (6) 120 Alien Tech Used (0) 0 Bonus (642) 642 TOTAL SCORE: 7654 Bonus ------- High Alert Combat Kills 642 Cogmind --------- Core Integrity 0/700 Matter 285/300 Energy 90/150 System Corruption 37% Temperature Cool (0) Movement Walking (120) Location -7/Lower Caves Parts ------- > --- POWER (1) -------- Micro Nuclear Core > --- PROPULSION (4) --- Aluminum Leg Aluminum Leg Aluminum Leg Carbon-fiber Leg > --- UTILITY (6) ------ Medium Storage Unit Machine Analyzer Improved Light Armor Plating Hacking Suite System Shield > --- WEAPON (2) ------- Advanced EMP Blaster Chainsword > --- INVENTORY (10) --- Light Nuclear Core Improved Deuterium Engine Advanced Heat Sink Large Storage Unit Dynamic Insulation System Dynamic Insulation System Dynamic Insulation System System Restoration Module Chainsword Peak State ------------ > --- POWER ------------ Micro Nuclear Core > --- PROPULSION ------- Armored Treads Wheel Gravmag System > --- UTILITY ---------- Small Storage Unit Active Sensor Suite Improved Light Armor Plating System Shield > --- WEAPON ----------- EM Shotgun EM Shotgun > --- INVENTORY -------- Hardened Heavy Armor Plating Hacking Suite System Restoration Module Heavy Assault Cannon Shock Bomb Launcher Improved Grenade Launcher [Rating: 52] Favorites ----------- Power Micro Nuclear Core Engine Light Ion Engine Power Core Micro Nuclear Core Propulsion Wheel Treads Light Treads Leg Carbon-fiber Leg Wheel Wheel Hover Unit Gravmag System Utility Small Storage Unit Device Active Sensor Suite Storage Small Storage Unit Processor Machine Analyzer Hackware System Shield Protection Hardened Light Armor Plating Weapon Assault Rifle Energy Gun EM Shotgun Ballistic Gun Assault Rifle Ballistic Cannon Heavy Assault Cannon Launcher Shock Bomb Launcher Slashing Weapon Chainsword Build | -11 -10 -10 -10 -9 -8 -7 -7 ------- Run | Scr Mat Min Exi Min Mat Fac Low Slots Evolved 6 | . . . . . 4 2 . Power . | . . . . . . . . Propulsion 2 | . . . . . 2 . . Utility 4 | . . . . . 2 2 . Weapon . | . . . . . . . . Parts Attached 97 | 6 3 . . 1 34 53 . Power 13 | 1 . . . . 6 6 . Engine 9 | 1 . . . . 6 2 . Core 4 | . . . . . . 4 . Reactor . | . . . . . . . . Propulsion 34 | 2 . . . . 15 17 . Treads 7 | . . . . . 2 5 . Leg 6 | . . . . . 1 5 . Wheel 15 | 2 . . . . 12 1 . Hover 6 | . . . . . . 6 . Flight . | . . . . . . . . Utility 19 | 1 1 . . . 5 12 . Device 5 | . . . . . 3 2 . Storage 3 | 1 . . . . . 2 . Processor 1 | . . . . . . 1 . Hackware 2 | . . . . . . 2 . Protection 8 | . 1 . . . 2 5 . Artifact . | . . . . . . . . Weapon 31 | 2 2 . . 1 8 18 . Energy Gun 3 | . . . . . . 3 . Energy Cannon . | . . . . . . . . Ballistic Gun 13 | 2 1 . . 1 1 8 . Ballistic Cannon 4 | . . . . . 3 1 . Launcher 10 | . 1 . . . 4 5 . Special Weapon . | . . . . . . . . Impact Weapon . | . . . . . . . . Slashing Weapon 1 | . . . . . . 1 . Piercing Weapon . | . . . . . . . . Special Melee Weapon . | . . . . . . . . Unidentified Prototypes 6 | . . . . . 2 4 . Corrupted Parts 5 | . . . . . 2 3 . System Corruption 37 | . . . . . 8 29 . Parts Lost 49 | . . . . . 23 26 . Power 6 | . . . . . 5 1 . Propulsion 25 | . . . . . 11 14 . Utility 7 | . . . . . 3 4 . Weapon 11 | . . . . . 4 7 . Highest Loss Streak 12 | . . . . . 9 12 . To Critical Strikes . | . . . . . . . . Average Slot Usage (%) 77 | . 86 100 100 100 60 77 . Engine 6 | . 14 14 14 14 7 1 . Core 2 | . . . . . . 5 . Treads 6 | . . . . . 5 11 . Wheel 15 | . 28 28 28 28 17 5 . Hover 2 | . . . . . . 5 . Device 3 | . . . . . 5 3 . Storage 9 | . 14 14 14 14 9 7 . Processor 1 | . . . . . . 4 . Hackware 4 | . . . . . . 10 . Protection 5 | . 1 14 14 14 2 4 . Energy Gun 1 | . . . . . . 3 . Ballistic Gun 11 | . 27 28 28 28 2 8 . Ballistic Cannon 2 | . . . . . 7 . . Launcher 1 | . . . . . 3 . . Naked Turns . | . . . . . . . . Heaviest Build 58 | 12 17 17 17 17 35 58 . Greatest Support 80 | 26 26 26 26 26 64 80 . Greatest Overweight (x) 4 | . . . . . 2 4 . Average Overweight (x) . | . . . . . . . . Largest Inventory Capacity 15 | 8 8 8 8 8 8 15 . Average Capacity 9 | 7 8 8 8 8 8 10 . Most Carried 11 | 2 8 8 8 8 8 11 . Average Carried 7 | . 7 8 8 8 7 8 . Final Capacity 10 | 8 8 8 8 8 8 10 10 Final Carried 9 | 2 8 8 8 8 7 9 9 Class Distribution -------------------- 45% | Mutant 25% | Scavenger-Mutant 11% | Scavenger-Skirmisher 11% | Skirmisher 5% | Hacker-Mutant Dominant Class ---------------- Mutant | -10/Materials Mutant | -10/Mines Mutant | -10/Exiles Mutant | -9/Mines Mutant | -8/Materials Scavenger-Mutant | -7/Factory Scavenger-Mutant | -7/Lower Caves Resources | -11 -10 -10 -10 -9 -8 -7 -7 ----------- Run | Scr Mat Min Exi Min Mat Fac Low Matter Collected 2956 | 184 144 . 112 40 913 1563 . Remotely . | . . . . . . . . Salvage Created 3381 | . 161 . . 52 860 2308 . Parts 220 | . 21 . . 5 80 114 . Haulers Intercepted 4 | . . . . . 2 2 . Recyclers Shooed 5 | . . . . . 1 4 . Parts Field Recycled . | . . . . . . . . Retrieved Matter . | . . . . . . . . Parts Self-Destructed . | . . . . . . . . Prevented . | . . . . . . . . Kills | -11 -10 -10 -10 -9 -8 -7 -7 ------- Run | Scr Mat Min Exi Min Mat Fac Low Combat Hostiles Destroyed 68 | . 7 . . 3 23 35 . Melee 2 | . . . . . . 2 . Guns 28 | . 4 . . 3 3 18 . Cannons 10 | . . . . . 9 1 . AOE 25 | . 3 . . . 11 11 . Classes Destroyed 16 | . 5 . . 1 6 4 . Worker 12 | . . . . 1 7 4 . Builder 16 | . 2 . . . 10 4 . Tunneler 1 | . . . . . 1 . . Hauler 4 | . . . . . 2 2 . Recycler 7 | . 1 . . . 2 4 . Mechanic 1 | . . . . . 1 . . Operator 1 | . . . . . . 1 . Watcher 7 | . 1 . . . 3 3 . Swarmer 18 | . 6 . . 3 6 3 . Grunt 28 | . 1 . . . 9 18 . Brawler 3 | . . . . . 1 2 . Duelist 2 | . . . . . . 2 . Protector 1 | . . . . . . 1 . Sentry 12 | . . . . . 6 6 . Hunter 2 | . . . . . 1 1 . Programmer 2 | . . . . . . 2 . Best Kill Streak 18 | . 6 . . 3 18 10 . Combat Bots Only 9 | . 3 . . 3 9 4 . Max Kills in Single Turn 5 | . 2 . . 1 5 3 . Gunslinging . | . . . . . . . . Exploded 2 | . 2 . . . 2 2 . Melee 1 | . . . . . . 1 . Uniques/NPCs Destroyed . | . . . . . . . . Combat | -11 -10 -10 -10 -9 -8 -7 -7 -------- Run | Scr Mat Min Exi Min Mat Fac Low Damage Taken 6001 | . 159 . . 44 1995 3783 20 Core 1149 | . 24 . . 9 400 696 20 Absorbed by Shields . | . . . . . . . . Core Remaining (%) 71 | 100 . . . 86 27 . . Volleys Fired 270 | . 22 . . 5 103 139 1 Largest 2 | . 2 . . 2 2 2 1 Hottest 90 | . 53 . . 44 80 90 36 Shots Fired 420 | . 42 . . 10 130 237 1 Gun 278 | . 39 . . 10 24 205 . Cannon 80 | . . . . . 69 11 . Launcher 62 | . 3 . . . 37 21 1 Special . | . . . . . . . . Kinetic 304 | . 39 . . 10 93 162 . Thermal . | . . . . . . . . Explosive 37 | . 3 . . . 24 10 . Electromagnetic 79 | . . . . . 13 65 1 Robot Hit Streak 25 | . 6 . . 4 21 25 1 Robot Miss Streak 6 | . 3 . . 2 3 6 . Penetration Max . | . . . . . . . . Secondary Targets 1 | . . . . . 1 . . Max Gunslinging Chain 1 | . . . . . 1 . . Shots Hit Robots 318 | . 23 . . 7 89 198 1 Core Hits 223 | . 18 . . 5 78 122 . Critical Kills . | . . . . . . . . Critical Parts Destroyed . | . . . . . . . . Critical Strikes 2 | . . . . . 1 1 . Blast 1 | . . . . . 1 . . Sever 1 | . . . . . . 1 . Melee Attacks 9 | . . . . . . 9 . Impact . | . . . . . . . . Slashing 9 | . . . . . . 9 . Piercing . | . . . . . . . . Sneak Attacks . | . . . . . . . . Combat Hostiles . | . . . . . . . . Follow-up Attacks . | . . . . . . . . Damage Inflicted 10845 | . 654 . . 109 4361 5703 18 Guns 3900 | . 286 . . 109 306 3199 . Cannons 2293 | . . . . . 2000 293 . Explosions 4469 | . 368 . . . 2055 2028 18 Melee 183 | . . . . . . 183 . Ramming . | . . . . . . . . Kinetic 5548 | . 286 . . 109 2306 2847 . Thermal 259 | . . . . . . 259 . Explosive 3440 | . 368 . . . 1868 1204 . Electromagnetic 1415 | . . . . . 187 1210 18 Impact . | . . . . . . . . Slashing 183 | . . . . . . 183 . Piercing . | . . . . . . . . Highest Corruption 36 | . . . . . 8 36 . Average Corruption 7 | . . . . . 7 6 . Corruption Purged 5 | . . . . . . 5 . Corruption Blocked . | . . . . . . . . Effects 52 | . . . . . 19 33 . Message Errors 8 | . . . . . 4 4 . Matter Fused 15 | . . . . . 7 8 . Heat Flow Errors 9 | . . . . . 3 6 . Energy Discharges 6 | . . . . . 2 4 . Parts Rejected 2 | . . . . . . 2 . Data Loss (minor) 7 | . . . . . 2 5 . Data Loss (major) 2 | . . . . . 1 1 . Misfires 1 | . . . . . . 1 . Weapon Failures 2 | . . . . . . 2 . Overload Shots . | . . . . . . . . Overflow Damage 340 | . 18 . . . 218 104 . Projectiles 195 | . . . . . 157 38 . Explosions 131 | . 18 . . . 61 52 . Melee 14 | . . . . . . 14 . Knockbacks 2 | . . . . . 2 . . Impact . | . . . . . . . . Kinetic 2 | . . . . . 2 . . Secondary . | . . . . . . . . Self-Inflicted Damage 275 | . . . . . 149 106 20 Shots 16 | . . . . . 9 6 1 Rammed . | . . . . . . . . Targets Rammed . | . . . . . . . . Kicked . | . . . . . . . . Crushed . | . . . . . . . . Highest Temperature 268 | . . . . . 254 268 . Average Temperature 46 | . . . . . 27 56 . Received Heat Transfer 1638 | . 42 . . . 423 1173 . Siege Activations . | . . . . . . . . Robots Corrupted 3 | . . . . . . 3 . Combat Hostiles 3 | . . . . . . 3 . Parts Fried 3 | . . . . . 1 2 . Impact Corruptions . | . . . . . . . . Robots Melted . | . . . . . . . . Combat Hostiles . | . . . . . . . . Parts Melted . | . . . . . . . . Heat Transferred 350 | . . . . . . 350 . Parts Sabotaged . | . . . . . . . . Parts Stolen . | . . . . . . . . Parts Stripped . | . . . . . . . . Power Chain Reactions 6 | . . . . . . 6 . Missiles Intercepted . | . . . . . . . . Alert | -11 -10 -10 -10 -9 -8 -7 -7 ------- Run | Scr Mat Min Exi Min Mat Fac Low Peak Influence 1196 | . 246 95 . 90 514 1196 . Initial 95 | . . 95 . . 35 19 . Average 324 | . 137 95 . 10 131 617 . Maximum Alert Level 4 | . 1 . . . 2 4 . Low Security (%) 56 | 100 81 100 . 100 78 20 . Level 1 6 | . 18 . . . 14 1 . Level 2 18 | . . . . . 7 35 . Level 3 13 | . . . . . . 29 . Level 4 5 | . . . . . . 12 . Level 5 . | . . . . . . . . High Security . | . . . . . . . . Max Security . | . . . . . . . . Squads Dispatched 17 | . 1 . . . 5 11 . Investigation 2 | . . . . . . 2 . Extermination 2 | . . . . . . 2 . Reinforcement 10 | . 1 . . . 4 5 . Assault 2 | . . . . . . 2 . Garrison 1 | . . . . . 1 . . Intercept . | . . . . . . . . Searches Triggered . | . . . . . . . . Construction Impeded 3 | . . . . . 1 2 . Haulers Reinforced 2 | . . . . . . 2 . Active Scanning Responses 1 | . . . . . . 1 . Cargo Convoy Interrupts . | . . . . . . . . Stealth | -11 -10 -10 -10 -9 -8 -7 -7 --------- Run | Scr Mat Min Exi Min Mat Fac Low Distress Signals 7 | . 1 . . . 4 2 . Communications Jammed . | . . . . . . . . Distress Signals . | . . . . . . . . Times Spotted 89 | . 12 . . 3 27 47 . Peak Tracking Total 10 | . 5 . . 2 10 7 . Tactical Retreats 3 | . . . . . . 3 . Traps | -11 -10 -10 -10 -9 -8 -7 -7 ------- Run | Scr Mat Min Exi Min Mat Fac Low Traps Triggered 4 | . . . . . . 4 . Indirectly . | . . . . . . . . Trap Hack Attempts . | . . . . . . . . Triggered . | . . . . . . . . Disarmed . | . . . . . . . . Reprogrammed . | . . . . . . . . Reused . | . . . . . . . . Traps Extracted . | . . . . . . . . Installed . | . . . . . . . . Triggered . | . . . . . . . . Machines | -11 -10 -10 -10 -9 -8 -7 -7 ---------- Run | Scr Mat Min Exi Min Mat Fac Low Machines Disabled 42 | . . . . . 7 35 . Max in Single Turn 7 | . . . . . 1 7 . Machines Sabotaged . | . . . . . . . . Garrisons Compromised . | . . . . . . . . Overloaded Fab Kills . | . . . . . . . . Hacking | -11 -10 -10 -10 -9 -8 -7 -7 --------- Run | Scr Mat Min Exi Min Mat Fac Low Machines Accessed 9 | . . . 1 . 4 4 . Terminals 6 | . . . . . 4 2 . Fabricators 1 | . . . . . . 1 . Repair Stations . | . . . . . . . . Recycling Units . | . . . . . . . . Scanalyzers 1 | . . . . . . 1 . Garrison Access . | . . . . . . . . Total Hacks 23 | . . . 1 . 10 12 . Successful 10 | . . . 1 . 5 4 . Failed 12 | . . . . . 4 8 . Catastrophic 1 | . . . . . . 1 . Database Lockouts 1 | . . . . . 1 . . Manual 14 | . . . . . 10 4 . Terminals 14 | . . . . . 10 4 . Fabricators 4 | . . . . . . 4 . Repair Stations . | . . . . . . . . Recycling Units . | . . . . . . . . Scanalyzers 4 | . . . . . . 4 . Garrison Access . | . . . . . . . . Terminal Hacks 5 | . . . 1 . 4 . . Record 1 | . . . 1 . . . . Part Schematic 1 | . . . . . 1 . . Unreport Threat 3 | . . . . . 3 . . Fabricator Hacks 2 | . . . . . . 2 . Load Schematic 1 | . . . . . . 1 . Build 1 | . . . . . . 1 . Repair Station Hacks . | . . . . . . . . Recycling Unit Hacks . | . . . . . . . . Scanalyzer 2 | . . . . . . 2 . Insert Component 1 | . . . . . . 1 . Analyze 1 | . . . . . . 1 . Garrison Access Hacks . | . . . . . . . . Unauthorized Hacks 1 | . . . . . 1 . . Terminals 1 | . . . . . 1 . . Botnet 1 | . . . . . 1 . . Fabricators . | . . . . . . . . Repair Stations . | . . . . . . . . Recycling Units . | . . . . . . . . Scanalyzers . | . . . . . . . . Garrison Access . | . . . . . . . . Data Cores Recovered . | . . . . . . . . Used . | . . . . . . . . Hacking Detections 7 | . . . . . 3 4 . Full Trace Events 1 | . . . . . . 1 . Feedback Events . | . . . . . . . . Feedback Blocked . | . . . . . . . . Robot Schematics Acquired . | . . . . . . . . Robots Built . | . . . . . . . . Authchips . | . . . . . . . . Time . | . . . . . . . . Total Robot Build Rating . | . . . . . . . . Part Schematics Acquired 2 | . . . . . 1 1 . Parts Built 1 | . . . . . . 1 . Authchips . | . . . . . . . . Time 36 | . . . . . . 36 . Total Part Build Rating 3 | . . . . . . 3 . Parts Repaired . | . . . . . . . . Time . | . . . . . . . . Parts Recycled . | . . . . . . . . Recycled Matter . | . . . . . . . . Retrieved Matter . | . . . . . . . . Retrieved Components . | . . . . . . . . Parts Scanalyzed 1 | . . . . . . 1 . Part Schematics Acquired 1 | . . . . . . 1 . Parts Damaged . | . . . . . . . . Bothacking | -11 -10 -10 -10 -9 -8 -7 -7 ------------ Run | Scr Mat Min Exi Min Mat Fac Low Used RIF Installer . | . . . . . . . . Robots Hacked . | . . . . . . . . Non-combat . | . . . . . . . . Combat . | . . . . . . . . Robot Hacks Applied . | . . . . . . . . Relay Couplers Released . | . . . . . . . . Fabnet Peak Effective % . | . . . . . . . . Robots Rewired . | . . . . . . . . Allies Hacked . | . . . . . . . . Hacks Repelled . | . . . . . . . . Allies | -11 -10 -10 -10 -9 -8 -7 -7 -------- Run | Scr Mat Min Exi Min Mat Fac Low Total Allies 2 | . . 1 . 1 . . . Largest Group 1 | . . 1 . 1 1 . . Highest-Rated Group 31 | . . 31 . 31 31 . . Highest-Rated Ally 31 | . . 31 . 31 31 . . Total Orders . | . . . . . . . . Ally Attacks 4 | . . . . . 4 . . Total Damage 63 | . . . . . 63 . . Kills . | . . . . . . . . Allies Corrupted . | . . . . . . . . Allies Melted . | . . . . . . . . Intel | -11 -10 -10 -10 -9 -8 -7 -7 ------- Run | Scr Mat Min Exi Min Mat Fac Low Robot Analysis Total . | . . . . . . . . Derelict Logs Recovered 2 | . . 1 . 1 . . . Drone Launches . | . . . . . . . . Drone Recoveries . | . . . . . . . . Exploration | -11 -10 -10 -10 -9 -8 -7 -7 ------------- Run | Scr Mat Min Exi Min Mat Fac Low Turns Passed 3683 | 60 234 32 182 491 1153 1531 . Spaces Moved 2254 | 57 157 36 203 477 600 724 . Core 3 | 3 . . . . . . . Treads 338 | . . . . . 162 176 . Legs 90 | . . . . . 17 73 . Wheels 1689 | 54 157 36 203 477 421 341 . Hover 134 | . . . . . . 134 . Flight . | . . . . . . . . Fastest Speed 50 | 50 90 90 90 90 80 56 . Average Speed 115 | 87 90 90 90 90 134 132 . Slowest Speed 325 | 90 90 90 90 90 250 325 . Overloaded Moves . | . . . . . . . . Propulsion Burnouts . | . . . . . . . . Robots Hopped . | . . . . . . . . Cave-ins Triggered . | . . . . . . . . Exploration Rate (%) 33 | 4 32 15 62 88 42 22 3 Regions Visited 7 Branch Regions 4 Pre-discovered Areas 1 | . . . 1 . . . . Known Exits Taken 2 | . . . . 1 1 . . Unknown Exits Taken 5 | 1 1 1 1 . . 1 . Scrap Searched 1 | . . . . 1 . . . Spaces Dug 1 | . . . . . . 1 . Terrain Destroyed 326 | . 31 . . . 156 139 . Melee . | . . . . . . . . Projectile 14 | . . . . . 11 3 . AOE 312 | . 31 . . . 145 136 . Terrain Rammed . | . . . . . . . . Walls Destroyed . | . . . . . . . . Machines Disabled . | . . . . . . . . Actions | -11 -10 -10 -10 -9 -8 -7 -7 --------- Run | Scr Mat Min Exi Min Mat Fac Low Total 2863 | 64 207 35 202 528 796 1030 1 Wait 171 | . 18 . . 44 35 74 . Move 2247 | 56 156 35 202 476 599 723 . Hop . | . . . . . . . . Pick Up 38 | 2 7 . . 1 12 16 . Fast Attach 57 | 6 1 . . . 19 31 . Attach 28 | . . . . . 12 16 . Detach 6 | . . . . . 2 4 . Swap 12 | . 2 . . 1 3 6 . Drop 25 | . 1 . . 1 11 12 . Fire 270 | . 22 . . 5 103 139 1 Melee 9 | . . . . . . 9 . Ram . | . . . . . . . . Kick . | . . . . . . . . Crush . | . . . . . . . . Escape Stasis . | . . . . . . . . Rewire . | . . . . . . . . Trap . | . . . . . . . . Miscellaneous . | . . . . . . . . Route ------- -11/Scrapyard -10/Materials -10/Mines -10/Exiles -9/Mines (discovered 2 exits: *Mat x2) -8/Materials -7/Factory -7/Lower Caves History --------- Turn | Location | Event 16 | -11/Scrapyard | Discovered new exit (range 16) 61 | -11/Scrapyard | Entered Materials 226 | -10/Materials | Discovered new exit (range 16) 295 | -10/Materials | Entered Mines 298 | -10/Mines | Received a Mining Laser from a helpful Derelict 299 | -10/Mines | Learned Materials stockpile data 308 | -10/Mines | Build established: Mutant 323 | -10/Mines | Deemed a non-threat by the Exiles lab entrance 323 | -10/Mines | Discovered new exit (range 5) 327 | -10/Mines | Entered Exiles 352 | -10/Exiles | Met 8R-AWN 364 | -10/Exiles | Met EX-HEX 391 | -10/Exiles | Met EX-BIN 420 | -10/Exiles | Met EX-DEC 424 | -10/Exiles | Learned location of Zion (-6) 499 | -10/Exiles | Discovered new exit (range 12) 509 | -10/Exiles | Entered Mines 619 | -9/Mines | Found a hidden stash of uninstalled traps 835 | -9/Mines | A weapon hastily lodged in a ceiling crevice suddenly fell to the ground 970 | -9/Mines | Identified exit to Materials 992 | -9/Mines | Discovered exit to Materials (range 7) 995 | -9/Mines | Escorted by a lone wolf Derelict 1000 | -9/Mines | Entered Materials 1000 | -8/Materials | Accompanied by 1 ally 1000 | -8/Materials | Evolved 4 slots: Propulsion x2, Utility x2 1047 | -8/Materials | Garrison activated, responded to threat 1065 | -8/Materials | Central database locked down 1120 | -8/Materials | Destroyed 9 combat bots 1156 | -8/Materials | Lost 6 parts (2p1n1u2w) 1253 | -8/Materials | Lost 3 parts (2n1w) 1521 | -8/Materials | Core integrity fell below 50% 1600 | -8/Materials | Found Corrupted Prototype Device 1600 | -8/Materials | Identified Active Sensor Suite 1610 | -8/Materials | Lost 9 parts (2p5n1u1w) 1618 | -8/Materials | Discovered new exit (range 14) 1935 | -8/Materials | Build established: Skirmisher 2151 | -8/Materials | Identified exit to Factory 2153 | -8/Materials | Entered Factory 2153 | -7/Factory | Evolved 2 slots: Utility x2 2315 | -7/Factory | Fabricated Hacking Suite (x1) 2350 | -7/Factory | Build established: Scavenger-Skirmisher 2551 | -7/Factory | Lost 3 parts (1n1u1w) 2953 | -7/Factory | First assault squad dispatched 2957 | -7/Factory | Build established: Scavenger-Mutant 3360 | -7/Factory | Discovered new exit (range 16) 3478 | -7/Factory | Core integrity fell below 50% 3511 | -7/Factory | Lost 12 parts (1p4n2u5w) 3585 | -7/Factory | Core integrity fell below 20% 3650 | -7/Factory | System corruption reached 10% 3657 | -7/Factory | System corruption reached 30% 3684 | -7/Factory | Entered Lower Caves 3684 | -7/Lower Caves | Destroyed self with Advanced EMP Blaster Last Messages --------------- 03657_ Acquired 21 matter. 03658_ U-05 Engineer lays Concrete. 03659_ U-05 Engineer builds a Wall. 03660_ U-05 Engineer lays Concrete. 03660_ K-01 Serf collects debris. 03661_ U-05 Engineer builds a Wall. 03662_ U-05 Engineer lays Concrete. 03662_ U-05 Engineer builds a Wall. 03666_ K-01 Serf collects debris. 03668_ System corrupted: Heat flow error (+267). 03668_ U-05 Engineer lays Concrete. 03672_ R-06 Scavenger collects Faulty Imp. Spread Laser. 03677_ Acquired Imp. Deuterium Engine. 03677_ R-06 Scavenger collects Corrupted Wheel. 03681_ R-06 Scavenger collects Terrain Scan Processor. 03682_ Acquired Imp. Light Armor Plating. 03683_ System corrupted: Component data lost. 03683_ R-06 Scavenger collects Power Amplifier. LOCATION=UNKNOWN GOAL=ESCAPE Map ----- +----------------------------------------------------+ | ?????????????????????????????????????????????????? | | ?????????????????????????????????????????????????? | | ?????????????????????????????????????????????????? | | ?????????????????????????????????????????????????? | | ?????????????????????????????????????????????????? | | ?????????????????????????????????????????????????? | | ?????????????????????????????????????????????????? | | ?????????????????????????????????????????????????? | | ?????????????????????????????????????????????????? | | ?????????????????????????????????????????????????? | | ?????????????????????????????????????????????????? | | ?????????????????????????????????????????????????? | | ?????????????????????????????????????????????????? | | ???????????????????????##????????????????????????? | | ??????????????????????? #???????????????????????? | | ??????????????????????? ???????????????????????? | | ??????????????????????? ???????????????????????? | | ??????????????????????? ##?????????????????????? | | ???????????????????????# ####??????????????????? | | ???????????????????????# ##?????????????????? | | ???????????????????????# ##????????????????? | | ???????????????????????# ##???????????????? | | ?????????????????????### #???????????????? | | ?????????????######### #???????????????? | | ?????????????# #????????????????? | | ?????????????# @ #????????????????? | | ?????????????????##### s #????????????????? | | ?????????????????????# s #???????????????? | | ?????????????????????## s ????????????? | | ??????????????????????# ?????????? | | ??????????????????????# ###########??????????? | | ??????????????????????#######????????????????????? | | ?????????????????????????????????????????????????? | | ?????????????????????????????????????????????????? | | ?????????????????????????????????????????????????? | | ?????????????????????????????????????????????????? | | ?????????????????????????????????????????????????? | | ?????????????????????????????????????????????????? | | ?????????????????????????????????????????????????? | | ?????????????????????????????????????????????????? | | ?????????????????????????????????????????????????? | | ?????????????????????????????????????????????????? | | ?????????????????????????????????????????????????? | | ?????????????????????????????????????????????????? | | ?????????????????????????????????????????????????? | | ?????????????????????????????????????????????????? | | ?????????????????????????????????????????????????? | | ?????????????????????????????????????????????????? | | ?????????????????????????????????????????????????? | | ?????????????????????????????????????????????????? | +----------------------------------------------------+ Best States ------------- Heat Dissipation 48 Energy Generation 18 Energy Capacity 290 Matter Stores 300 Matter Capacity 300 Sight Range 16 Robot Scan Range 20 Terrain Scan Density 10 Jamming Range 12 Armor Coverage 600 Evasion (%) 50 Recoil Reduction 4 Offensive Hacking 10 Defensive Hacking 10 Item Schematics ----------------- Hacking Suite | -8/Materials | Hacked System Restoration Module | -7/Factory | Scanalyzed Robot Schematics ------------------ None Fabricated ------------ Hacking Suite | x1 | -7/Factory Alien Tech Used ----------------- None Achievements -------------- None Challenges ------------ None Game ------ Seed StorageImpulseAccelerator Manual? 0 Play Time 00:33:53 Cumulative 180.3 hours Start 2022.09.30 @ 15:11:52 End 2022.09.30 @ 15:49:02 Sessions 1 Manual Loads 0 Difficulty Rogue Special Mode None Game No. 138 Rogue 135 Adventurer 3 Explorer 0 Win Type - Total 1 Types 1/0/0/0/0/0/0/0/0 Lore% 58 Gallery% 61 Achievement% 50 Wizard Run 0 Options --------- ASCII 0 Keyboard 0 Movement Numpad Keybinds 0 Fullscreen 1 Font 18/SmallcapsGlow Map View 76x50 Tactical HUD 1 Map Filters NONE Filters NONE Steam 1 RUN: ca31fbfe-3fe3-4793-a84d-5db47c0e156d